 Dungeon Crawl Stone Soup version 0.21-a0-516-gaaff437 (webtiles) character file.

65 sagitran the Shield-Bearer (level 4, 0/40 HPs)
             Began as a Hill Orc Fighter on Dec 3, 2017.
             Killed from afar by a white imp (12 damage)
             ... with a puff of frost
             ... summoned by Natasha
             ... on level 2 of the Dungeon.
             The game lasted 00:04:18 (1342 turns).

sagitran the Shield-Bearer (Hill Orc Fighter)       Turns: 1342, Time: 00:04:18

Health: 0/40       AC:  8    Str: 18    XL:     4   Next: 14%
Magic:  4/4        EV:  7    Int:  8    God:
Gold:   50         SH:  9    Dex: 11    Spells: 3/3 levels left

rFire    . . .     SeeInvis .   a - +0 war axe
rCold    . . .     Gourm    .   c - +0 shield
rNeg     . . .     Faith    .   b - +0 scale mail
rPois    .         Spirit   .   (no helmet)
rElec    .         Reflect  .   (no cloak)
rCorr    .         Harm     .   e - +0 pair of gloves
MR       .....                  (no boots)
Stlth    ..........             (no amulet)
HPRegen  0.13/turn              (no ring)
MPRegen  0.09/turn              (no ring)

@: no status effects
A: no striking features
a: no special abilities


You were on level 2 of the Dungeon.
You were hungry.

You visited 1 branch of the dungeon, and saw 2 of its levels.

You collected 50 gold pieces.

Inventory:

Hand Weapons
 a - a +0 war axe (weapon)
Armour
 b - a +0 scale mail (worn)
 c - a +0 shield (worn)
 e - a +0 pair of gloves (worn)
 t - a +0 pair of gloves
Scrolls
 h - a scroll of remove curse {unknown}
 j - 2 scrolls of teleportation {unknown}
 k - a scroll of identify {unknown}
 l - a scroll of magic mapping {unknown}
 n - a scroll of blinking {unknown}
 p - a scroll of amnesia {unknown}
Potions
 d - a potion of might
 i - 2 potions of cancellation {unknown}
 m - 2 potions of curing {unknown}
 o - a potion of agility {unknown}
 q - a potion of flight {unknown}
 r - a potion of berserk rage {unknown}
 s - a potion of mutation {unknown}
 u - a potion of magic {unknown}
Comestibles
 f - 3 bread rations
 g - 6 chunks of flesh


   Skills:
 + Level 3.9 Fighting
 + Level 4.0 Axes
 + Level 3.8 Armour
 + Level 0.2 Dodging
 + Level 4.0 Shields


You had 3 spell levels left.
You didn't know any spells.

Dungeon Overview and Level Annotations

Branches:
Dungeon (2/15)

Altars:
Qazlal
The Shining One

Annotations:
D:2 Natasha


Message History

7 gold pieces; a sedimented dark potion
u - a sedimented dark potion You now have 50 gold pieces (gained 7).
You hit Natasha but do no damage. Natasha claws you. Natasha barely misses you.
You hit Natasha.
Natasha is moderately wounded.
You hit the white imp. Natasha barely misses you.
You barely miss Natasha.
Natasha is moderately wounded.
You closely miss the white imp. You hit the white imp but do no damage.
The white imp gestures at you. The puff of frost hits you!
The white imp hits you. The white imp freezes you. Natasha closely misses you.
The white imp hits you but does no damage.
Natasha stares at you and mumbles some strange words.
The magic dart hits you!
* * * LOW HITPOINT WARNING * * *
The white imp gestures at you. The puff of frost hits you!
You die...

#....###.###.#####.#
#.
####h..h..5.......<.
#5#######..####.#
#.# ##.....###
#.###.........
#5........####
#####.....#
##.######h...#
#.....<@.55..#
##.###########


You could see Natasha and 2 white imps.

Vanquished Creatures
  2 adders (D:2)
  An ooze (D:2)
  2 dart slugs
  A leopard gecko (D:1)
  9 bats
  A giant cockroach (D:1)
  2 goblins
  8 hobgoblins
  3 frilled lizards
  3 kobolds
  8 rats
40 creatures vanquished.

Notes
Turn   | Place    | Note
-------+----------+-------------------------------------------
     0 | D:1      | sagitran the Hill Orc Fighter began the quest for the Orb.
     0 | D:1      | Reached XP level 1. HP: 19/19 MP: 1/1
   104 | D:1      | Reached XP level 2. HP: 22/27 MP: 2/2
   856 | D:2      | Reached XP level 3. HP: 33/33 MP: 3/3
   862 | D:2      | Found a stormy altar of Qazlal.
   966 | D:2      | Found a glowing golden altar of the Shining One.
  1224 | D:2      | Reached XP level 4. HP: 40/40 MP: 4/4
  1316 | D:2      | Noticed Natasha
  1342 | D:2      | Killed from afar by a white imp

Vault maps used:
D:1:      scummos_arrival_checkerplants
D:2:      nicolae_overflow_crystal_walls, lemuel_doored_altar, first_bread,
          uniq_natasha, uniq_crazy_yiuf_cottage

Skill      XL: |  1  2  3 |
---------------+----------+-----
Axes           | 3 4 |  4.0
Shields        | 4 |  4.0
Fighting       | |  3.9
Armour         | |  3.8
Dodging        | |  0.2

Action                   |  1- 3 |  4- 6 || total
-------------------------+-------+-------++-------
Melee: War axe           |    98 |     8 ||   106
  Use: Scroll            |     1 |       ||     1
  Eat: Chunk             |     1 |       ||     1
Armor: Scale mail        |    56 |     3 ||    59
Dodge: Dodged            |    42 |     3 ||    45
Block: Shield            |    69 |     3 ||    72

Table legend:
 A = Spawn XP
 B = Non-spawn XP
 C = Spawn XP percentage of total XP
 D = Spawn monster count
 E = Non-spawn monster count
 F = Spawn count percentage of total count
 G = Total turns spent on level
                    A         B        C        D         E        F      G
               +---------+---------+-------+---------+---------+-------+---------
         Total |       0 |      94 |   0.0 |       0 |      40 |   0.0 |  1342
               +---------+---------+-------+---------+---------+-------+---------
           D:1 |       0 |      32 |   0.0 |       0 |      19 |   0.0 |   848
           D:2 |       0 |      62 |   0.0 |       0 |      21 |   0.0 |   494
               +---------+---------+-------+---------+---------+-------+---------
